 Dungeon Crawl Stone Soup version 0.28.0-53-g5a82cb258f (webtiles) character file.

Game seed: 3818952575744659698

4837 mrburnz the Basher (level 10, -1/91 HPs)
             Began as a Minotaur Berserker on May 21, 2022.
             Was an Elder of Trog.
             Succumbed to barbed spike wounds
             ... on level 9 of the Dungeon.
             The game lasted 00:40:31 (10282 turns).

mrburnz the Basher (Minotaur Berserker)            Turns: 10282, Time: 00:40:32

Health: -1/91      AC: 14    Str: 26    XL:     10   Next: 25%
Magic:  9/9        EV: 12    Int:  4    God:    Trog [****..]
Gold:   389        SH:  0    Dex: 10    Spells: 9/9 levels left

rFire   . . .      SeeInvis .   m - +0 flail
rCold   . . .      Faith    +   (no shield)
rNeg    . . .      Spirit   .   B - +0 plate armour
rPois   +          Reflect  .   (helmet restricted)
rElec   .          Harm     .   (no cloak)
rCorr   .          Rampage  .   (no gloves)
Will    .....                   (no boots)
Stlth   ..........              h - amulet of faith
HPRegen 0.25/turn               A - +4 ring of evasion
MPRegen 0.11/turn               f - ring of poison resistance

@: spiked
A: horns 2, retaliatory headbutt
a: Renounce Religion, Berserk, Trog's Hand, Brothers in Arms


You were on level 9 of the Dungeon.
You worshipped Trog.
Trog was greatly pleased with you.
You visited 1 branch of the dungeon, and saw 9 of its levels.

You collected 389 gold pieces.

Inventory:

Hand Weapons
 e - a +0 flail
 m - a +0 flail (weapon)
 E - a +0 flail
Missiles
 y - 3 throwing nets (quivered)
Armour
 B - a +0 plate armour (worn)
 F - a +0 ring mail
Jewellery
 d - a ring of ice
 f - a ring of poison resistance (right hand)
 h - an amulet of faith (around neck)
 A - a +4 ring of evasion (left hand)
Wands
 r - a wand of acid (9)
 u - a wand of flame (55)
 D - a wand of iceblast (18)
Scrolls
 b - a scroll of fog
 j - 3 scrolls of immolation
 k - 2 scrolls of teleportation
 o - a scroll of enchant armour {unknown}
 q - a scroll of blinking {unknown}
 t - a scroll of noise {unknown}
 x - a scroll of brand weapon {unknown}
 z - 2 scrolls of silence
 G - a scroll of fear {unknown}
Potions
 a - 2 potions of mutation {unknown}
 c - a potion of invisibility {unknown}
 g - a potion of curing
 l - a potion of flight
 n - a potion of experience {unknown}
 p - a potion of cancellation {unknown}
 s - a potion of attraction {unknown}
 v - a potion of magic {unknown}
 w - a potion of resistance {unknown}
 C - 4 potions of lignification
 H - a potion of might {unknown}


   Skills:
 + Level 9.6 Fighting
 + Level 12.5 Maces & Flails
 + Level 10.2 Armour
 - Level 2.3 Dodging
 + Level 1.1 Evocations


You had 9 spell levels left.
You didn't know any spells.
Your spell library was empty.

Dungeon Overview and Level Annotations

Branches:
Dungeon (9/15)             Temple (0/1) D:6
   Lair: D:8-11         Orc: D:9-12

Altars:
Ru
Uskayaw

Shops:
D:1 (   D:3 [   D:5 (


Innate Abilities, Weirdness & Mutations

You have a pair of horns on your head.
You reflexively headbutt those who attack you in melee.


Message History

The orc warrior closely misses you.
The manticore flicks its tail.
The volley of spikes hits you but does no damage.
The barbed spikes dig painfully into your body as you move.
* * * LOW HITPOINT WARNING * * *
Your surroundings suddenly seem different.
Found 2 potions of lignification.
You feel better.
The barbed spikes dig painfully into your body as you move.
* * * LOW HITPOINT WARNING * * *
An orc wizard comes into view. It is wielding a +0 dagger.
The kobold brigand throws a curare-tipped dart.
The curare-tipped dart barely misses you.
The barbed spikes dig painfully into your body as you move.
* * * LOW HITPOINT WARNING * * *
The orc wizard shouts!
You hear a croak.
A bullfrog comes into view.
The barbed spikes dig painfully into your body as you move.
* * * LOW HITPOINT WARNING * * *
The bullfrog croaks.
The gnoll sergeant shouts!
You hear a shout!
You see here 2 potions of lignification.
You feel better.
You recover from your berserk rage.
You closely miss the orc wizard. Your headbutt misses the orc wizard.
The orc wizard hits you but does no damage.
You hit the orc wizard. Your headbutt misses the orc wizard.
The orc wizard is moderately wounded.
The orc wizard closely misses you. You furiously retaliate!
You headbutt the orc wizard.
The barbed spikes dig painfully into your body as you move.
* * * LOW HITPOINT WARNING * * *
Found a ring mail.
The barbed spikes dig painfully into your body as you move.
* * * LOW HITPOINT WARNING * * *
The orc wizard casts a spell at you.
You easily resist.
The centaur shoots an arrow.
The arrow misses you.
The barbed spikes dig painfully into your body as you move.
* * * LOW HITPOINT WARNING * * *
The barbed spikes dig painfully into your body as you move.
You die...

..#. #. ... ..#...
#.. #..[#..
#..#...#... #
#.#...#...#
#.##..........
#......#...#
#@.#...# .
#.#Fg.#...
#.o#...#.. .
#.o.#...#...#...#.
#.................
#.#...#...#...#...
#..#...#...#.g.#..
#..)#..c#..!#...#
##..#...#...#o..#


You could see an orc warrior, a gnoll sergeant, a bullfrog, a centaur and an orc
wizard.

Vanquished Creatures
  Pikel (D:7)
  Joseph (D:7)
  4 centaur zombies
  Grinder (D:5)
  2 shadows
  A wyvern (D:7)
  2 steam dragons
  A water moccasin (D:5)
  4 orc warriors
  A sky beast (D:8)
  4 ogres
  4 centaurs
  A lemure (D:7)
  3 kobold brigands
  A wyvern zombie (D:7)
  2 bullfrogs
  3 scorpions
  A water moccasin skeleton (D:5)
  3 wights (D:8)
  A howler monkey (D:4)
  An electric eel (D:8)
  2 bullfrog zombies (D:7)
  3 hounds
  2 centaur skeletons
  Crazy Yiuf (D:5)
  3 iguanas
  10 orc wizards
  A howler monkey zombie (D:6)
  4 gnolls (D:3)
  7 adders
  A shadow imp (D:6)
  34 orcs
  2 ball pythons
  5 bats
  5 endoplasms
  A giant cockroach (D:2)
  6 goblins
  9 hobgoblins
  3 jackals (D:1)
  3 quokkas
  17 kobolds
  8 rats
169 creatures vanquished.

Vanquished Creatures (others)
  A white imp (D:8)
  A bush (D:7)
  2 plants (D:2)
4 creatures vanquished.

Grand Total: 173 creatures vanquished

Notes
Turn   | Place    | Note
-------+----------+-------------------------------------------
     0 | D:1      | mrburnz the Minotaur Berserker began the quest for the Orb.
     0 | D:1      | Reached XP level 1. HP: 19/19 MP: 0/0
   197 | D:1      | Reached skill level 4 in Maces & Flails
   197 | D:1      | Reached XP level 2. HP: 18/27 MP: 1/1
   661 | D:1      | Found Orean's Weapon Emporium.
   941 | D:1      | Found a faded altar of an unknown god.
  1371 | D:2      | Reached ** piety under Trog
  1372 | D:2      | Reached XP level 3. HP: 33/33 MP: 2/2
  2217 | D:3      | Reached XP level 4. HP: 41/41 MP: 3/3
  2221 | D:3      | Reached skill level 5 in Maces & Flails
  2455 | D:3      | Found Bothimmia's Antique Armour Shoppe.
  2861 | D:4      | Noticed an ogre
  2869 | D:4      | Killed an ogre
  2870 | D:4      | Reached XP level 5. HP: 37/47 MP: 4/4
  3079 | D:4      | Found a hide-covered altar of Uskayaw.
  3079 | D:4      | Noticed a +0 spear
  3079 | D:4      | Noticed a +0 spear
  3079 | D:4      | Noticed a +0 short sword
  3079 | D:4      | Noticed a +0 falchion
  3080 | D:4      | Noticed a +0 dagger
  3081 | D:4      | Noticed a +0 dagger
  3082 | D:4      | Noticed a +0 short sword
  3083 | D:4      | Noticed a +0 falchion
  3107 | D:4      | Reached skill level 6 in Maces & Flails
  3145 | D:4      | Reached XP level 6. HP: 52/55 MP: 5/5
  3277 | D:4      | Reached skill level 5 in Armour
  3366 | D:4      | Reached skill level 5 in Fighting
  3976 | D:5      | Entered Level 5 of the Dungeon
  3976 | D:5      | Found Enlitaon's Weapon Shoppe.
  4068 | D:5      | Reached skill level 7 in Maces & Flails
  4255 | D:5      | Reached XP level 7. HP: 54/61 MP: 6/6
  4441 | D:5      | Found a runed translucent door.
  4446 | D:5      | Noticed Crazy Yiuf
  4504 | D:5      | Reached skill level 8 in Maces & Flails
  4504 | D:5      | Reached XP level 8. HP: 52/70 MP: 7/7
  4595 | D:5      | Noticed Grinder
  4600 | D:5      | Killed Grinder
  4601 | D:5      | Reached skill level 9 in Maces & Flails
  4951 | D:5      | Reached *** piety under Trog
  5140 | D:5      | Killed Crazy Yiuf
  5339 | D:6      | Found a staircase to the Ecumenical Temple.
  5913 | D:6      | Reached skill level 10 in Maces & Flails
  6322 | D:7      | Reached XP level 9. HP: 79/79 MP: 8/8
  6654 | D:7      | Noticed Pikel
  6665 | D:7      | Killed Pikel
  6666 | D:7      | Reached skill level 11 in Maces & Flails
  7141 | D:7      | Reached skill level 1 in Evocations
  7516 | D:7      | Noticed Joseph
  7533 | D:7      | Killed Joseph
  8125 | D:8      | Found a sacrificial altar of Ru.
  8178 | D:8      | Reached **** piety under Trog
  8969 | D:8      | Noticed a manticore
  8970 | D:8      | Noticed a tengu warrior
  9035 | D:8      | Reached skill level 12 in Maces & Flails
  9035 | D:8      | Reached XP level 10. HP: 88/88 MP: 9/9
 10095 | D:9      | Reached skill level 10 in Armour
 10261 | D:9      | Identified the +6 quarterstaff of the Ancient Ziggurats
                  | {distort, rN+++ rCorr Str+4 Dex-2}
 10264 | D:9      | Noticed a manticore
 10281 | D:9      | HP: 4/91 [barbs]
 10282 | D:9      | Succumbed to barbed spike wounds

Illustrated notes

Levels and vault maps discovered:
D:1:      matt_arrival_grand_opening, layout_basic, serial_shops, shop,
          ebering_ecumenical_altar_abandoned, minmay_pentomino_x2
D:2:      layout_loops_cross, serial_bayou_crossing
D:3:      layout_rooms, serial_shops, nicolae_lakefront_shop
D:4:      layout_basic, nicolae_uskayaw_en_pointe
D:5:      layout_loops_ring, serial_shops, nicolae_stop_n_shop_1, uniq_grinder,
          uniq_crazy_yiuf_cottage
D:6:      layout_gridville, minmay_temple_entry_ruins, hangedman_decor_points
D:7:      layout_loops_ring, kb_lookout_dungeons_type, grunt_ogre_cave,
          uniq_joseph, uniq_pikel
D:8:      layout_loops_ring, lemuel_round_altar, minivault_14,
          skrybe_limestone_x, lightli_corner_chamber
D:9:      cheibrodos_fzero, layout_loops_ring, david_orc_2, st_stairs_7

Skill      XL: |  1  2  3  4  5  6  7  8  9 10 |
---------------+-------------------------------+-----
Maces & Flails | 4 5 6 7 8 10 12 | 12.5
Fighting       | 4 5 6 7 9 |  9.6
Armour         | 3 4 5 6 8 9 10 | 10.2
Evocations     | 1 |  1.1
Dodging        | |  2.3

Action                   |  1- 3 |  4- 6 |  7- 9 | 10-12 || total
-------------------------+-------+-------+-------+-------++-------
Melee: Mace              |    76 |    14 |       |       ||    90
       Headbutt          |    10 |    15 |    51 |     9 ||    85
       Punch             |     1 |     1 |     1 |     1 ||     4
       Flail             |       |    68 |   246 |    64 ||   378
Invok: Berserk           |     1 |     1 |    10 |     2 ||    14
Evoke: Wand              |       |       |     1 |     1 ||     2
  Use: Scroll            |       |     5 |     4 |     2 ||    11
       Potion            |       |       |     1 |     3 ||     4
Armor: Animal skin       |     6 |       |       |       ||     6
       Chain mail        |    49 |    32 |    75 |       ||   156
       Plate armour      |       |       |    87 |    37 ||   124
Dodge: Dodged            |    65 |    41 |   150 |    58 ||   314
